 Dungeon Crawl Stone Soup version 0.23.2-1-ga50397a6bc (webtiles) character file.

Game seed: 12095179693826578916

49833 Norn the Nimble (level 14, -1/92 HPs)
             Began as a Deep Elf Wizard on May 13, 2019.
             Was a High Priest of Vehumet.
             Killed by divine providence
             ... invoked by a meliai
              (12 damage)
             ... on level 14 of the Dungeon on May 14, 2019.
             The game lasted 01:49:42 (33928 turns).

Norn the Nimble (Deep Elf Wizard)                  Turns: 33928, Time: 01:49:43

Health: -1/92      AC:  8    Str:  4    XL:     14   Next: 17%
Magic:  26/41      EV: 23    Int: 35    God:    Vehumet [*****.]
Gold:   1214       SH:  5    Dex: 16    Spells: 5/37 levels left

rFire    . . .     SeeInvis +   w - +4 mace "Kaw Guh" {protect, rElec rPois MR+ Dex+3}
rCold    . . .     Gourm    .   E - +0 buckler
rNeg     . . .     Faith    .   C - +0 robe "Guuwnas" {+Inv rCorr SInv Stlth+}
rPois    +         Spirit   .   F - +1 helmet {Int+3}
rElec    +         Reflect  .   G - +2 cloak
rCorr    +         Harm     .   (no gloves)
MR       ++...                  o - +0 pair of boots
Stlth    +++.......             Q - amulet of magic regeneration
HPRegen  0.25/turn              M - +3 ring of intelligence
MPRegen  0.52/turn              L - ring of magical power

@: no status effects
A: no striking features
a: Renounce Religion, Evoke Invisibility


You were on level 14 of the Dungeon.
You worshipped Vehumet.
Vehumet was extremely pleased with you.
You were not hungry.

You visited 3 branches of the dungeon, and saw 21 of its levels.

You collected 1544 gold pieces.
You spent 330 gold pieces at shops.

Inventory:

Hand Weapons
 w - the +4 mace "Kaw Guh" (weapon) {protect, rElec rPois MR+ Dex+3}
   (You found it on level 4 of the Dungeon)

   It protects the one who uses it against injury (+AC on strike).
   It affects your dexterity (+3).
   It insulates you from electricity.
   It protects you from poison.
   It affects your resistance to hostile enchantments.
Missiles
 H - 2 throwing nets (quivered) {!f}
Armour
 o - a +0 pair of boots (worn)
   (You found it on level 2 of the Dungeon)
 B - a +2 robe
   (You took it off Sigmund on level 3 of the Dungeon)
 C - the +0 robe "Guuwnas" (worn) {+Inv rCorr SInv Stlth+}
   (You found it on level 6 of the Dungeon)

   It lets you see invisible.
   It lets you turn invisible.
   It provides partial protection from all sources of acid and corrosion.
   It makes you more stealthy.
 E - a +0 buckler (worn)
   (You found it on level 6 of the Dungeon)
 F - a +1 helmet of intelligence (worn)
   (You bought it in a shop on level 7 of the Dungeon)
 G - a +2 cloak (worn)
   (You bought it in a shop on level 7 of the Dungeon)
 I - the +0 pair of boots of the Hot Ocelot {Dex+3, unknown}
   (You acquired it on level 13 of the Dungeon)

   It affects your dexterity (+3).
 O - the cursed +1 ring mail of Ypoi {rPois rF++}
   (You took it off a kobold on level 12 of the Dungeon)

   It greatly protects you from fire.
   It protects you from poison.
   It has a curse placed upon it.
 T - a +1 hat of magic resistance
   (You took it off Gastronok on level 3 of the Lair of Beasts)
Jewellery
 m - the amulet of Light {*Corrode +Blink +Rage Dex+6, unknown}
   (You found it on level 12 of the Dungeon)

   [amulet of rage]

   It affects your dexterity (+6).
   It lets you blink.
   It lets you go berserk.
   It may corrode you when you take damage.
 v - an uncursed ring of ice
   (You found it on level 3 of the Dungeon)
 y - an uncursed ring of resist corrosion
   (You took it off Sigmund on level 3 of the Dungeon)
 J - an uncursed amulet of regeneration
   (You found it on level 8 of the Dungeon)
 L - a ring of magical power (right hand)
   (You found it on level 9 of the Dungeon)
 M - a +3 ring of intelligence (left hand)
   (You took it off a centaur on level 9 of the Dungeon)
 Q - an amulet of magic regeneration (around neck)
   (You found it on level 2 of the Lair of Beasts)
Wands
 c - a wand of disintegration (45)
   (You found it on level 10 of the Dungeon)
 d - a wand of iceblast (5)
   (You found it on level 6 of the Lair of Beasts)
 h - a wand of polymorph (19)
   (You found it on level 9 of the Dungeon)
 u - a wand of paralysis (6)
   (You found it on level 5 of the Lair of Beasts)
 x - a wand of acid (11)
   (You found it on level 13 of the Dungeon)
 A - a wand of enslavement (11)
   (You found it on level 4 of the Dungeon)
 N - a wand of clouds (5)
   (You took it off a spriggan on level 1 of the Lair of Beasts)
Scrolls
 a - a scroll of immolation {!r}
 b - 2 scrolls of noise {!r}
 f - 2 scrolls of torment {!r}
 j - 5 scrolls of enchant armour
 k - 3 scrolls of magic mapping
 p - 8 scrolls of teleportation {@r4}
 t - a scroll of enchant weapon
 z - 3 scrolls of blinking
 K - a scroll of vulnerability {unknown}
 P - 4 scrolls of remove curse {@r2}
 Y - a scroll of fear {unknown}
Potions
 g - 2 potions of brilliance
 i - 2 potions of cancellation
 l - 4 potions of heal wounds {@q2}
 n - 7 potions of curing {@q1}
 q - a potion of resistance
 r - 2 potions of magic
 s - 3 potions of berserk rage
 D - 4 potions of flight
 R - 3 potions of lignification {!q}
 V - 2 potions of haste {@q3}
 Z - 2 potions of degeneration {!q}
Miscellaneous
 S - a lightning rod (4/4) {!a}
   (You found it on level 2 of the Lair of Beasts)
 U - a phial of floods
   (You found it on level 3 of the Lair of Beasts)
Comestibles
 e - 24 rations {!d}


   Skills:
 + Level 12.0 Fighting
 + Level 13.8 Dodging
 - Level 2.4 Stealth
 - Level 4.0 Shields
 - Level 12.0 Spellcasting
 - Level 5.0 Conjurations
 - Level 5.0 Summonings
 - Level 3.0 Translocations
 + Level 10.6 Fire Magic
 - Level 5.1 Ice Magic
 - Level 3.0 Air Magic
 - Level 3.2 Poison Magic


You had 5 spell levels left.
You knew the following spells:

 Your Spells              Type           Power        Failure   Level  Hunger
a - Magic Dart            Conj           ####         1%          1    None
b - Blink                 Tloc           N/A          1%          2    None
c - Throw Flame           Conj/Fire      ######       1%          2    None
d - Conjure Flame         Conj/Fire      ######..     1%          3    None
e - Summon Ice Beast      Ice/Summ       ######..     2%          4    None
f - Mephitic Cloud        Conj/Pois/Air  #####...     1%          3    None
g - Fireball              Conj/Fire      ######....   1%          5    None
h - Bolt of Cold          Conj/Ice       ######....   11%         6    ####...
q - Sticky Flame          Conj/Fire      ######..     1%          4    None
x - Call Imp              Summ           ######..     1%          2    None

Your spell library contained the following spells:

 Spells                   Type           Power        Failure   Level  Hunger
 Confusing Touch          Hex            ###...       1%          1    None
 Freeze                   Ice            ####         1%          1    None
 Infusion                 Chrm           ###.         1%          1    None
 Summon Small Mammal      Summ           ####         1%          1    None
 Searing Ray              Conj           ######       1%          2    None
 Shroud of Golubria       Chrm/Tloc      ####......   1%          2    None
 Throw Frost              Conj/Ice       ######       1%          2    None
 Call Canine Familiar     Summ           ######..     1%          3    None
 Dazzling Spray           Conj/Hex       #####.       1%          3    None
 Gell's Gravitas          Tloc           #####.....   1%          3    None
 Force Lance              Conj/Tloc      #####...     1%          4    None
 Fulminant Prism          Conj/Hex       #####.....   1%          4    None
 Iskenderun's Mystic Bla  Conj           ######..     1%          4    None
 Throw Icicle             Conj/Ice       ######..     1%          4    None
 Ozocubu's Armour         Chrm/Ice       #####...     2%          3    None
 Summon Guardian Golem    Hex/Summ       #####...     2%          3    None
 Slow                     Hex            ###.....     3%          2    None
 Song of Slaying          Chrm           ###.....     3%          2    None
 Confuse                  Hex            ###.....     6%          3    None
 Regeneration             Chrm/Necr      ###.......   6%          3    None
 Spectral Weapon          Hex/Chrm       ###.....     6%          3    None
 Yara's Violent Unravell  Hex/Tmut       ###.......   16%         5    None
 Petrify                  Tmut/Erth      ###.....     21%         4    None
 Metabolic Englaciation   Hex/Ice        #####.....   21%         5    None
 Ignition                 Fire           #######...   38%         8    #######


Dungeon Overview and Level Annotations

Branches:
Dungeon (14/15)            Temple (1/1) D:5            Lair (6/6) D:9
  Swamp (0/4) Lair:3        Snake (0/4) Lair:2        Slime (0/5) Lair:6
    Orc (0/2) D:10         Vaults (0/5) D:13

Altars:
Ashenzari
Cheibriados
Dithmenos
Elyvilon
Fedhas
Gozag
Hepliaklqana
Kikubaaqudgha
Makhleb
Nemelex Xobeh
Okawaru
Qazlal
Ru
Sif Muna
Trog
Uskayaw
Vehumet
Wu Jian
Xom
Yredelemnul
Zin
The Shining One

Shops:
D:7 *   D:8 }

Annotations:
D:11 exclusion: orange crystal statue
Lair:6 3 runed translucent doors, Banto's ghost, journeyman DgWn; raetorn's ghost, journeyman DgFE


Message History

Your ice beast freezes the centaur warrior skeleton.
The centaur warrior skeleton resists.
The centaur warrior skeleton misses you.
Aim: a meliai, wielding a +2 hand axe of freezing and wearing a +0 leather armour The fireball explodes!
The fireball engulfs the meliai!!
The fireball engulfs the kobold!!
You kill the kobold!
Vehumet accepts your kill.
You feel your power returning.
The fireball engulfs the big kobold.
You hear a shout! x4
The centaur warrior skeleton closely misses you.
Your ice beast hits the centaur warrior skeleton.
Your ice beast freezes the centaur warrior skeleton.
The centaur warrior skeleton resists.
The centaur warrior skeleton misses you.
The fireball explodes!
The fireball engulfs the meliai!!
The fireball engulfs the meliai!
You kill the meliai!
Vehumet accepts your kill.
You feel your power returning.
You hear a shout!
A meliai comes into view. It is wielding a +0 hand axe.
The meliai calls down the wrath of its god upon you.
Something smites you!
Your ice beast hits the centaur warrior skeleton.
Your ice beast freezes the centaur warrior skeleton.
The centaur warrior skeleton resists.
The centaur warrior skeleton is destroyed!
Vehumet accepts your kill.
The meliai invokes the aid of its god against you.
Something smites you!
The meliai invokes the aid of its god against you.
Something smites you!
* * * LOW HITPOINT WARNING * * *
The meliai calls upon its god to heal the meliai.
The meliai is healed somewhat.
You block the meliai's attack. The meliai completely misses you.
The meliai invokes the aid of its god against you.
Something smites you!
* * * LOW HITPOINT WARNING * * *
The meliai mumbles some strange prayers to its god against you.
Something smites you!
* * * LOW HITPOINT WARNING * * *
A jelly comes into view.
There is a stone staircase leading up here.
Aim: a meliai, wielding a +0 hand axe and wearing a +0 leather armour (severely wounded)
The magic dart hits the meliai.
The meliai invokes the aid of its god against you.
Something smites you!
You die...

........
...8...
###+.....
.......
..?.J
.K.# #yK#
##Yy###
#..@..#
+..(..#
#.(...#
#.....+
##$...#
#....#
#....#
###+##


You could see a big kobold, 2 meliai, a jelly, a kobold and a friendly ice
beast.

Vanquished Creatures
  Erolcha (D:11)
  4 hydras
  An ice dragon (Lair:6)
  2 centaur warriors (D:13)
  2 two-headed ogres
  Nergalle (D:11)
  4 unseen horrors
  A wolf spider zombie (D:12)
  A cyclops (D:13)
  A manticore (D:13)
  A deep elf mage (D:13)
  2 elephants
  2 black mambas
  2 spiny frogs
  A gargoyle (D:13)
  4 torpor snails (Lair:6)
  A rime drake (Lair:6)
  3 komodo dragons
  A meliai (D:14)
  4 tyrant leeches (Lair:6)
  8 hornets
  A troll (D:13)
  10 blink frogs
  3 hippogriffs
  A meliai zombie (D:12)
  2 slime creatures (D:12)
  Sigmund (D:3)
  A spriggan (Lair:1)
  3 shadows
  2 wyverns
  17 yaks
  A vampire (D:11)
  A yak (shapeshifter) (D:13)
  A basilisk (D:12)
  A hungry ghost (D:10)
  A wyvern (shapeshifter) (D:13)
  3 steam dragons
  8 vampire mosquitoes
  Menkaure (D:4)
  An acid dragon (D:11)
  4 water moccasins
  3 porcupines
  3 sky beasts
  2 ice beasts
  An eye of draining (D:12)
  A phantom (D:9)
  An orc warrior (D:9)
  A black bear (Lair:1)
  5 ogres
  2 wolves
  6 crocodiles
  17 centaurs
  A big kobold (D:12)
  A big kobold (shapeshifter) (D:13)
  10 bullfrogs
  6 scorpions
  20 killer bees
  10 wights
  An electric eel (Lair:3)
  3 howler monkeys
  3 centaur zombies
  4 crimson imps
  3 centaur skeletons
  A wyvern simulacrum (D:9)
  4 hounds
  5 orc wizards
  2 orc priests
  7 jellies
  3 bullfrog skeletons
  4 iguanas
  Natasha (D:4)
  10 worker ants
  A hound zombie (D:8)
  3 worker ant zombies
  2 howler monkey zombies (D:9)
  7 gnolls
  13 adders
  2 shadow imps
  An ooze (D:2)
  An adder zombie (D:9)
  An adder skeleton (D:5)
  2 worms (D:3)
  3 dart slugs
  4 leopard geckos
  25 orcs
  4 ball pythons
  10 bats
  5 giant cockroaches
  6 goblins
  11 hobgoblins
  11 jackals
  5 quokkas
  A ball python zombie (D:6)
  4 frilled lizards
  15 kobolds
  2 leopard gecko zombies
  A quokka zombie (D:6)
  6 rats
  A fungus (Lair:6)
  2 plants (Lair:6)
400 creatures vanquished.

Vanquished Creatures (collateral kills)
  Gastronok (Lair:3)
  A hydra (Lair:6)
  A catoblepas (Lair:5)
  2 centaur warriors (D:13)
  Urug (Lair:4)
  Sonja (Lair:6)
  A lindwurm (Lair:6)
  2 deep elf magi (D:13)
  2 oklob plants (Lair:3)
  4 ugly things
  A cyclops (D:13)
  A manticore (D:12)
  9 elephants
  A gargoyle (D:13)
  A torpor snail (Lair:6)
  4 spiny frogs
  2 centaur skeletons
  2 rime drakes (Lair:4)
  4 komodo dragons
  A queen bee (Lair:1)
  A troll (D:9)
  A polar bear (Lair:6)
  A hornet (Lair:5)
  10 blink frogs
  3 slime creatures
  3 hippogriffs
  15 yaks
  3 basilisks
  A wyvern (Lair:2)
  A hungry ghost (D:13)
  5 vampire mosquitoes
  A naga (Lair:2)
  4 water moccasins
  3 porcupines
  A swamp drake (Lair:3)
  2 orc warriors
  An eye of draining (D:9)
  A phantom (D:7)
  A black bear (D:11)
  An ogre (D:6)
  9 wolves
  A centaur (D:5)
  6 crocodiles
  4 bullfrogs
  A scorpion (D:2)
  A wight (D:10)
  A killer bee (Lair:1)
  A howler monkey (D:9)
  2 crimson imps
  A quasit (D:11)
  Crazy Yiuf (D:4)
  An orc wizard (D:5)
  3 iguanas
  Natasha (twice) (D:4)
  3 worker ants
  A hound zombie (D:6)
  7 gnolls
  2 adders
  7 orcs
  A giant cockroach (D:4)
  A jackal (D:9)
  A quokka (D:10)
  A leopard gecko skeleton (D:7)
  A fungus (Lair:6)
  A plant (Lair:3)
161 creatures vanquished.

Vanquished Creatures (others)
  A bush (Lair:6)
  9 fungi
  24 plants
  5 withered plants (Lair:6)
39 creatures vanquished.

Grand Total: 600 creatures vanquished

Notes
Turn   | Place    | Note
-------+----------+-------------------------------------------
     0 | D:1      | Norn the Deep Elf Wizard began the quest for the Orb.
     0 | D:1      | Reached XP level 1. HP: 10/10 MP: 7/7
   289 | D:1      | Reached XP level 2. HP: 16/16 MP: 5/9
   326 | D:1      | Learned a level 2 spell: Call Imp
   329 | D:1      | Learned a level 2 spell: Blink
  1074 | D:1      | Reached skill level 1 in Fighting
  1279 | D:2      | Found a hazy altar of Hepliaklqana.
  1297 | D:2      | Reached XP level 3. HP: 20/20 MP: 5/10
  2054 | D:2      | Reached XP level 4. HP: 25/25 MP: 2/12
  2248 | D:2      | Learned a level 3 spell: Mephitic Cloud
  2252 | D:2      | Learned a level 3 spell: Conjure Flame
  2639 | D:2      | Found a shimmering altar of Xom.
  2641 | D:2      | Found a hide-covered altar of Uskayaw.
  2641 | D:2      | Found a sparkling altar of Nemelex Xobeh.
  2678 | D:2      | Reached XP level 5. HP: 30/30 MP: 8/13
  3226 | D:3      | Reached skill level 1 in Poison Magic
  3447 | D:3      | Reached skill level 1 in Air Magic
  4028 | D:3      | Noticed Sigmund
  4375 | D:3      | Killed Sigmund
  4375 | D:3      | Reached XP level 6. HP: 36/36 MP: 0/14
  4732 | D:4      | Found an opulent altar of Gozag.
  4779 | D:4      | Got a translucent scale mail
  4802 | D:4      | Identified the +1 scale mail of the Unstoppable Souls
                  | {*Drain rF+ Dex+2 Stlth+} (You found it on level 4 of the
                  | Dungeon)
  4981 | D:4      | Noticed Natasha
  4991 | D:4      | Killed Natasha
  5121 | D:4      | Noticed Menkaure
  5122 | D:4      | Found a glowing golden altar of the Shining One.
  5134 | D:4      | Killed Menkaure
  5134 | D:4      | Reached XP level 7. HP: 31/41 MP: 5/15
  5182 | D:4      | Found a runed translucent door.
  5209 | D:4      | Noticed Crazy Yiuf
  5223 | D:4      | Killed Crazy Yiuf
  5285 | D:4      | Got a transparent mace
  5425 | D:4      | Noticed Natasha
  5434 | D:4      | Killed Natasha
  5544 | D:4      | Noticed Natasha
  5546 | D:4      | Found an opulent altar of Gozag.
  5554 | D:4      | Killed Natasha
  5643 | D:5      | Entered Level 5 of the Dungeon
  5670 | D:5      | Found a staircase to the Ecumenical Temple.
  5678 | Temple   | Entered the Ecumenical Temple
  5887 | Temple   | Became a worshipper of Vehumet
  5936 | D:5      | Reached skill level 1 in Fire Magic
  6145 | D:5      | Reached skill level 3 in Dodging
  6345 | D:5      | Identified the +4 mace "Kaw Guh" {protect, rElec rPois MR+
                  | Dex+3} (You found it on level 4 of the Dungeon)
  7267 | D:6      | Got a ripped robe
  7276 | D:6      | Identified the +0 robe "Guuwnas" {+Inv rCorr SInv Stlth+}
                  | (You found it on level 6 of the Dungeon)
  7588 | D:6      | Reached skill level 4 in Dodging
  7742 | D:6      | Reached * piety under Vehumet
  7742 | D:6      | Offered knowledge of Shock by Vehumet.
  7744 | D:6      | Reached XP level 8. HP: 48/48 MP: 6/16
  8734 | D:7      | Reached skill level 5 in Dodging
  9073 | D:7      | Found a deep blue altar of Sif Muna.
  9146 | D:7      | Found Cumiwesh's Assorted Antiques.
  9152 | D:7      | Bought a shiny helmet for 165 gold pieces
  9152 | D:7      | Bought a glowing cloak for 165 gold pieces
  9655 | D:7      | Reached skill level 6 in Dodging
  9703 | D:7      | Reached skill level 5 in Fighting
 10876 | D:6      | Reached skill level 5 in Conjurations
 10876 | D:6      | Reached XP level 9. HP: 41/54 MP: 3/17
 10961 | D:6      | Reached skill level 7 in Dodging
 11224 | D:7      | HP: 2/55 [yak (13)]
 11589 | D:8      | Found Sacathob's Gadget Boutique.
 11614 | D:8      | Offered knowledge of Throw Flame by Vehumet.
 11633 | D:8      | Learned a level 2 spell: Throw Flame
 11663 | D:8      | Noticed a two-headed ogre
 11729 | D:8      | Killed a two-headed ogre
 11729 | D:8      | Reached ** piety under Vehumet
 11729 | D:8      | Reached skill level 8 in Dodging
 11889 | D:8      | Reached skill level 9 in Dodging
 14742 | D:9      | Found a sparkling altar of Nemelex Xobeh.
 14781 | D:9      | Reached XP level 10. HP: 63/63 MP: 2/18
 14975 | D:9      | Found a white marble altar of Elyvilon.
 15438 | D:9      | Reached skill level 10 in Dodging
 15508 | D:9      | Offered knowledge of Stone Arrow by Vehumet.
 16096 | D:9      | Found a staircase to the Lair.
 16254 | D:9      | Got an ancient hunting sling
 16371 | D:9      | Got a crude battleaxe
 16688 | D:10     | Entered Level 10 of the Dungeon
 16691 | D:10     | You fall through a shaft!
 16692 | D:11     | Noticed a red ugly thing
 16693 | D:11     | Noticed a brown ugly thing
 17173 | D:10     | Noticed an unseen horror
 17266 | D:10     | Killed an unseen horror
 17266 | D:10     | Reached skill level 11 in Dodging
 17413 | D:10     | Learned a level 4 spell: Summon Ice Beast
 18024 | D:10     | Reached skill level 1 in Ice Magic
 18130 | D:10     | Reached *** piety under Vehumet
 18542 | D:10     | Found a staircase to the Orcish Mines.
 18852 | Lair:1   | Entered Level 1 of the Lair of Beasts
 19080 | Lair:1   | Noticed a spiny frog
 19222 | Lair:1   | Killed a spiny frog
 19325 | Lair:1   | Reached skill level 5 in Summonings
 19408 | Lair:1   | Identified the cursed +3 hunting sling of War {venom, -Tele
                  | rElec Str-5 Int+8} (You found it on level 9 of the Dungeon)
 19409 | Lair:1   | Identified the +6 battleaxe "Fipn" {venom, *Slow Int+4}
                  | (You found it on level 9 of the Dungeon)
 19832 | Lair:1   | Reached XP level 11. HP: 69/69 MP: 19/19
 21005 | Lair:2   | Offered knowledge of Ignite Poison by Vehumet.
 21119 | Lair:2   | Found a staircase to the Snake Pit.
 21328 | Lair:2   | Reached skill level 1 in Shields
 21780 | Lair:3   | Noticed Gastronok
 21879 | Lair:3   | Reached skill level 12 in Dodging
 22052 | Lair:3   | Noticed a seven-headed hydra
 22077 | Lair:3   | Killed a seven-headed hydra
 22077 | Lair:3   | Reached skill level 5 in Ice Magic
 22540 | Lair:3   | Reached **** piety under Vehumet
 22658 | Lair:3   | Found a staircase to the Swamp.
 22806 | Lair:3   | Noticed an oklob plant
 22806 | Lair:3   | Noticed an oklob plant
 22819 | Lair:3   | Killed an oklob plant
 22826 | Lair:3   | Killed an oklob plant
 22834 | Lair:3   | Identified Sif Muna's Tome of Burning Summoning
 23127 | Lair:3   | Killed Gastronok
 23127 | Lair:3   | Offered knowledge of Sticky Flame by Vehumet.
 23127 | Lair:3   | Reached skill level 5 in Spellcasting
 23508 | Lair:3   | Learned a level 4 spell: Sticky Flame
 24113 | Lair:4   | Noticed a seven-headed hydra
 24126 | Lair:4   | Killed a seven-headed hydra
 24126 | Lair:4   | Reached skill level 5 in Fire Magic
 24126 | Lair:4   | Reached XP level 12. HP: 77/77 MP: 20/23
 24230 | Lair:4   | Noticed Urug
 24256 | Lair:4   | Killed Urug
 24569 | Lair:4   | Got a translucent trident
 25219 | Lair:5   | Reached skill level 10 in Fighting
 25359 | Lair:5   | Noticed a catoblepas
 25378 | Lair:5   | Killed a catoblepas
 25571 | Lair:5   | Identified the +6 trident of Rihem {flame, -Tele rN++
                  | Str+3} (You found it on level 4 of the Lair of Beasts)
 26117 | Lair:6   | Entered Level 6 of the Lair of Beasts
 26206 | Lair:6   | Reached ***** piety under Vehumet
 26301 | Lair:6   | Found a runed translucent gate.
 26302 | Lair:6   | Found a runed translucent gate.
 26303 | Lair:6   | Found a runed translucent gate.
 26313 | Lair:6   | Noticed raetorn's ghost (journeyman DgFE)
 26313 | Lair:6   | Noticed Banto's ghost (journeyman DgWn)
 26421 | Lair:6   | Found a staircase to the Slime Pits.
 26452 | Lair:6   | Offered knowledge of Airstrike by Vehumet.
 26822 | Lair:6   | Noticed a five-headed hydra
 26844 | Lair:6   | Killed a five-headed hydra
 27387 | Lair:6   | Noticed Sonja
 27395 | Lair:6   | Killed Sonja
 27488 | Lair:6   | Learned a level 5 spell: Fireball
 27724 | Lair:6   | Reached skill level 10 in Spellcasting
 28038 | Lair:6   | Reached XP level 13. HP: 83/83 MP: 22/29
 28284 | Lair:6   | Found a runed translucent door.
 28948 | Lair:6   | Found a staircase to the Slime Pits.
 28958 | Lair:6   | Found a runed translucent gate.
 28958 | Lair:6   | Found a runed translucent gate.
 28958 | Lair:6   | Found a runed translucent gate.
 29276 | Lair:6   | Reached skill level 10 in Fire Magic
 30234 | D:11     | Noticed Erolcha
 30238 | D:11     | Killed Erolcha
 30564 | D:11     | Noticed Nergalle
 30570 | D:11     | Killed Nergalle
 31189 | D:12     | Got a flickering sapphire amulet
 31949 | D:12     | Identified the cursed +1 ring mail of Ypoi {rPois rF++}
 32114 | D:12     | Reached skill level 13 in Dodging
 32965 | D:13     | Offered knowledge of Bolt of Cold by Vehumet.
 32978 | D:13     | Learned a level 6 spell: Bolt of Cold
 33005 | D:13     | Identified the cursed +2 flail of Rionao {drain, rN+ Str+4}
 33091 | D:13     | Reached XP level 14. HP: 75/91 MP: 26/32
 33788 | D:13     | Found a gate to the Vaults.
 33793 | D:13     | Identified a scroll of acquirement
 33794 | D:13     | Got a pair of bloodstained boots
 33928 | D:14     | Killed from afar by a meliai

Skill      XL: |  1  2  3  4  5  6  7  8  9 10 11 12 13 14 |
---------------+-------------------------------------------+-----
Conjurations   | 2 5 |  5.0
Fighting       | 1 2 3 4 5 7 8 9 10 11 12 | 12.0
Summonings     | 2 3 5 |  5.0
Translocations | 2 3 |  3.0
Poison Magic   | 2 3 |  3.2
Air Magic      | 2 3 |  3.0
Fire Magic     | 3 5 9 10 | 10.6
Dodging        | 4 6 9 11 12 13 | 13.8
Ice Magic      | 3 5 |  5.1
Shields        | 3 4 |  4.0
Spellcasting   | 6 10 12 | 12.0
Stealth        | |  2.4

Action                   |  1- 3 |  4- 6 |  7- 9 | 10-12 | 13-15 || total
-------------------------+-------+-------+-------+-------+-------++-------
Melee: Dagger            |       |     1 |       |       |       ||     1
       Mace              |       |       |    35 |   176 |    86 ||   297
 Cast: Magic Dart        |    77 |   133 |   341 |   680 |    77 ||  1308
       Call Imp          |    11 |    17 |    81 |    57 |       ||   166
       Mephitic Cloud    |       |    11 |    31 |    24 |     4 ||    70
       Blink             |       |     1 |     2 |    25 |     5 ||    33
       Conjure Flame     |       |       |     3 |    25 |     1 ||    29
       Throw Flame       |       |       |    61 |     8 |       ||    69
       Summon Ice Beast  |       |       |       |   118 |    56 ||   174
       Sticky Flame      |       |       |       |     1 |     1 ||     2
       Fireball          |       |       |       |    39 |   200 ||   239
Evoke: Wand              |       |       |     8 |       |       ||     8
       Lightning rod     |       |       |       |     1 |       ||     1
  Use: Scroll            |       |     9 |    11 |    16 |     4 ||    40
 Stab: Distracted        |       |       |       |       |     2 ||     2
       Confused          |       |       |       |       |     1 ||     1
  Eat: Chunk             |     2 |     8 |    19 |    32 |    19 ||    80
       Ration            |       |     1 |     3 |     5 |     1 ||    10
Armor: Robe              |     1 |     3 |    28 |   114 |    36 ||   182
Dodge: Dodged            |     8 |    24 |   114 |   557 |   186 ||   889
Block: Buckler           |       |       |       |    92 |    39 ||   131
